 Dungeon Crawl Stone Soup version 0.21.1-1-g345015f (webtiles) character file.

107 Mirai the Skirmisher (level 4, 0/37 HPs)
             Began as a Demonspawn Fighter on Mar 12, 2018.
             Succumbed to an adder's poison
             ... on level 3 of the Dungeon.
             The game lasted 00:02:52 (1839 turns).

Mirai the Skirmisher (Demonspawn Fighter)           Turns: 1839, Time: 00:02:53

Health: 0/37       AC: 11    Str: 22    XL:     4   Next: 57%
Magic:  4/4        EV:  5    Int:  9    God:
Gold:   111        SH:  9    Dex: 13    Spells: 3/3 levels left

rFire    . . .     SeeInvis .   a - +0 war axe
rCold    . . .     Gourm    .   c - +0 shield
rNeg     . . .     Faith    .   j - +0 chain mail
rPois    .         Spirit   .   g - +0 helmet
rElec    .         Reflect  .   (no cloak)
rCorr    .         Harm     .   (no gloves)
MR       .....                  (no boots)
Stlth    ..........             (no amulet)
HPRegen  0.12/turn              (no ring)
MPRegen  0.09/turn              (no ring)

@: mighty, lethally poisoned (0 -> -4)
A: rugged brown scales 1, nightstalker 1
a: no special abilities


You were on level 3 of the Dungeon.
You were hungry.

You visited 1 branch of the dungeon, and saw 3 of its levels.

You collected 111 gold pieces.

Inventory:

Hand Weapons
 a - a +0 war axe (weapon)
Armour
 c - a +0 shield (worn)
 g - a +0 helmet (worn)
 j - a +0 chain mail (worn)
Scrolls
 b - a scroll of enchant weapon {unknown}
 e - 2 scrolls of teleportation {unknown}
 k - 2 scrolls of identify {unknown}
 l - a scroll of remove curse {unknown}
 n - a scroll of fog {unknown}
Potions
 h - a potion of heal wounds {unknown}
 i - a potion of curing {unknown}
 m - a potion of haste {unknown}
Comestibles
 f - 6 rations


   Skills:
 + Level 3.6 Fighting
 + Level 3.1 Axes
 + Level 3.5 Armour
 + Level 0.5 Dodging
 - Level 2.6 Shields


You had 3 spell levels left.
You didn't know any spells.

Dungeon Overview and Level Annotations

Branches:
Dungeon (3/15)

Altars:
Nemelex Xobeh
Sif Muna
Trog


Innate Abilities, Weirdness & Mutations

You are partially covered in rugged brown scales. (AC +1, +3% HP)
You are slightly more attuned to the shadows.


Message History

You block the adder's attack.
You miss the adder. You block the adder's attack. x2
You closely miss the adder. The adder bites you but does no damage.
The adder bites you.
* * * LOW HITPOINT WARNING * * *
Unknown command.
Your shield and chain mail prevent you from hitting the adder.
The adder bites you.
* * * LOW HITPOINT WARNING * * *
You are lethally poisoned!
The adder poisons you! The adder completely misses you.
Unknown command.
You slash the adder!
The adder is almost dead.
* * * LOW HITPOINT WARNING * * *
You feel sick. You block the adder's attack. The adder barely misses you.
Unknown command.
You hit the adder.
You kill the adder!
You die...

#.....## #.##.## ## ##...##
#.##.# #) ##'## #.##.## #.
######.# #...... #. #......#
####.## #. ###.####.##
#######.# ##)## #.........##
#.......#
#..)###.#.##.....###.#######
#....)......@........#
#...###.#.###..####### #####
#.#.# #..# #.#.###..#
#........# ##########


There were no monsters in sight!

Vanquished Creatures
  2 orc wizards (D:3)
  An adder (D:3)
  A worm (D:2)
  2 dart slugs
  2 leopard geckos
  3 orcs (D:3)
  3 ball pythons (D:2)
  2 giant cockroaches
  A goblin (D:1)
  4 hobgoblins
  3 kobolds
  4 bats
  A frilled lizard (D:2)
  3 rats
32 creatures vanquished.

Notes
Turn   | Place    | Note
-------+----------+-------------------------------------------
     0 | D:1      | Mirai the Demonspawn Fighter began the quest for the Orb.
     0 | D:1      | Reached XP level 1. HP: 18/18 MP: 1/1
   367 | D:1      | Gained mutation: You are partially covered in rugged brown scales. (AC +1, +3% HP) [demonic ancestry]
   367 | D:1      | Reached XP level 2. HP: 18/24 MP: 2/2
   596 | D:1      | Found a sparkling altar of Nemelex Xobeh.
  1269 | D:2      | Found a bloodstained altar of Trog.
  1463 | D:2      | Gained mutation: You are slightly more attuned to the shadows. [demonic ancestry]
  1463 | D:2      | Reached XP level 3. HP: 20/29 MP: 3/3
  1580 | D:3      | Found a deep blue altar of Sif Muna.
  1818 | D:3      | Reached XP level 4. HP: 5/36 MP: 4/4
  1838 | D:3      | HP: 1/37 [poisoned by an adder]
  1839 | D:3      | Succumbed to an adder's poison

Skill      XL: |  1  2  3  4 |
---------------+-------------+-----
Armour         | 3 |  3.5
Axes           | 2 3 |  3.1
Fighting       | |  3.6
Dodging        | |  0.5
Shields        | |  2.6

Action                   |  1- 3 |  4- 6 || total
-------------------------+-------+-------++-------
Melee: War axe           |    79 |    13 ||    92
  Use: Potion            |     1 |       ||     1
  Eat: Chunk             |     2 |       ||     2
Armor: Scale mail        |     6 |       ||     6
       Chain mail        |    57 |     7 ||    64
Dodge: Dodged            |    16 |     3 ||    19
Block: Shield            |    35 |     7 ||    42
